 Dungeon Crawl Stone Soup version 0.19-a0-1268-g6c5d9f8 (webtiles) character file.

399 Lindan9 the Shield-Bearer (level 7, 0/55 HPs)
             Began as a Formicid Fighter on Aug 30, 2016.
             Slain by a slave (2 damage)
             ... led by Pikel
             ... on level 4 of the Dungeon.
             The game lasted 00:11:35 (3307 turns).

Lindan9 the Shield-Bearer (Formicid Fighter)        Turns: 3307, Time: 00:11:36

Health: 0/55       AC:  9    Str: 23    XL:     7   Next: 10%
Magic:  7/7        EV: 10    Int:  7    God:
Gold:   181        SH: 10    Dex: 14    Spells: 0 memorised, 6 levels left

rFire  + . .     SeeInvis +     a - +1 war axe
rCold  . . .     Gourm    .     m - +2 ring mail {rF+}
rNeg   + . .     Faith    .     c - +0 shield
rPois  .         Spirit   .     (helmet unavailable)
rElec  .         Dismiss  .     j - +0 cloak {MR+}
rCorr  .         Reflect  .     (no gloves)
MR     +....     Harm     .     (no boots)
Stlth  +.........               p - amulet of regeneration
                                s - ring of positive energy
                                r - +4 ring of dexterity

@: no status effects
A: permanent stasis, dig shafts and tunnels, four strong arms, antennae 3
a: Dig, Shaft Self


You were on level 4 of the Dungeon.
You were not hungry.

You visited 1 branch of the dungeon, and saw 4 of its levels.

You collected 181 gold pieces.

Inventory:

Hand Weapons
 a - a +1 war axe (weapon)
 t - a +5 spear
Armour
 b - a +0 scale mail
 c - a +0 shield (worn)
 j - a +0 cloak of magic resistance (worn)
 k - a +0 ring mail of magic resistance
 m - a +2 ring mail of fire resistance (worn)
 y - the +1 robe "Tupeeqo" {rElec rN+ Int+2, unknown}
   (You found it on level 4 of the Dungeon)

   It affects your intelligence (+2).
   It insulates you from electricity.
   It protects you from negative energy.
Jewellery
 p - an amulet of regeneration (around neck)
 r - a +4 ring of dexterity (left hand)
 s - a ring of positive energy (right hand)
 z - an uncursed ring of poison resistance {unknown}
Wands
 i - a wand of polymorph (11/24)
 q - a wand of acid (14/15)
Scrolls
 e - a scroll of recharging
 h - a scroll of enchant weapon
 u - a scroll of blinking {unknown}
 w - 3 scrolls of teleportation {unknown}
 x - a scroll of magic mapping {unknown}
Potions
 d - a potion of might
 f - a potion of agility
 l - a potion of ambrosia {unknown}
 o - a potion of invisibility {unknown}
 v - a potion of degeneration {unknown}
 A - a potion of cancellation {unknown}
Comestibles
 g - 5 meat rations
 n - 4 bread rations


   Skills:
 + Level 4.5 Fighting
 + Level 3.8 Axes
 + Level 4.6 Armour
 + Level 2.1 Dodging
 + Level 1.6 Stealth
 + Level 5.0 Shields


You had 6 spell levels left.
You didn't know any spells.

Dungeon Overview and Level Annotations

Branches:
Dungeon (4/15)
 Temple: D:4-7

Altars:

Annotations:
D:4 Pikel


Innate Abilities, Weirdness & Mutations

You are under a permanent stasis effect.
You can dig through walls and to a lower floor.
Your four strong arms can wield two-handed weapons with a shield.
You have a pair of large antennae on your head. (SInv)


Message History

The slave hits you but does no damage. Pikel barely misses you.
You closely miss Pikel.
Pikel is severely wounded.
Your shield prevents you from hitting the slave.
You barely miss the slave. You miss the slave. The slave barely misses you.
You block the slave's attack. x2; Pikel hits you with a whip of flaming.
* * * LOW HITPOINT WARNING * * *
The slave closely misses you. The slave hits you but does no damage.
You hit Pikel but do no damage.
Pikel is severely wounded.
You hit the slave. You slash the slave! You barely miss the slave.
You block the slave's attack. You block Pikel's attack.
The slave hits you but does no damage. x3
You closely miss Pikel.
Pikel is severely wounded.
You hit the slave but do no damage. You closely miss the slave.
You barely miss the slave. Pikel hits you with a whip of flaming.
* * * LOW HITPOINT WARNING * * *
You block the slave's attack. The slave hits you.
You die...

. { { .. ######### ...
#.......##########+##+##....
#...........................
#............K..............
#..........p@p..............
#####..........[.p..............
........##'##########.....>.....
........#...# { ########....
........'...# ... ....)...#..##
Z. ####....#### . # #....#..# #
#....'..#


You could see Pikel and 3 slaves.

Vanquished Creatures
  A slave (D:4)
  An ogre (D:4)
  Crazy Yiuf (D:3)
  Ijyb (D:3)
  Natasha (thrice) (D:2)
  3 orc wizards (D:3)
  6 adders
  2 worms (D:2)
  A giant gecko (D:3)
  6 orcs (D:3)
  4 bats
  A giant cockroach (D:2)
  8 goblins
  5 hobgoblins
  2 quokkas (D:3)
  3 ball pythons
  3 giant newts
  4 kobolds
  4 rats
59 creatures vanquished.

Vanquished Creatures (others)
  A hobgoblin (D:3)
  2 rats (D:3)
3 creatures vanquished.

Grand Total: 62 creatures vanquished

Notes
Turn   | Place    | Note
-------+----------+-------------------------------------------
     0 | D:1      | Lindan9 the Formicid Fighter began the quest for the Orb.
     0 | D:1      | Reached XP level 1. HP: 18/18 MP: 1/1
   236 | D:1      | Reached XP level 2. HP: 22/24 MP: 2/2
   884 | D:2      | Reached XP level 3. HP: 21/30 MP: 3/3
  1125 | D:2      | Reached XP level 4. HP: 25/37 MP: 4/4
  1424 | D:2      | Noticed Natasha
  1443 | D:2      | Killed Natasha
  1443 | D:2      | Reached skill level 1 in Dodging
  1443 | D:2      | Reached skill level 4 in Shields
  1480 | D:2      | Noticed Natasha
  1485 | D:2      | Killed Natasha
  1485 | D:2      | Reached XP level 5. HP: 36/42 MP: 5/5
  1966 | D:2      | Noticed Natasha
  1974 | D:2      | Killed Natasha
  1974 | D:2      | Reached skill level 1 in Stealth
  2357 | D:3      | Found a runed door.
  2432 | D:3      | Noticed Crazy Yiuf
  2446 | D:3      | Killed Crazy Yiuf
  2547 | D:3      | Reached XP level 6. HP: 48/48 MP: 6/6
  2805 | D:3      | Noticed Ijyb
  2833 | D:3      | Killed Ijyb
  3167 | D:4      | Got a faintly humming robe
  3168 | D:4      | Noticed an ogre
  3179 | D:4      | Killed an ogre
  3179 | D:4      | Reached skill level 5 in Shields
  3179 | D:4      | Reached XP level 7. HP: 17/55 MP: 7/7
  3277 | D:4      | Noticed Pikel
  3305 | D:4      | HP: 2/55 [Pikel/whip of flaming (2)]
  3307 | D:4      | Slain by a slave

Vault maps used:
D:1:      dpeg_arrival_rhombus, st_stairs_10
D:2:      first_bread, minmay_misc_feat_doors, uniq_natasha
D:3:      lemuel_flame_loot_1, uniq_iyjb, uniq_crazy_yiuf_cottage
D:4:      serial_bayou_lagoon_a, uniq_pikel

Skill      XL: |  1  2  3  4  5  6 |
---------------+-------------------+-----
Fighting       | 4 |  4.5
Armour         | 4 |  4.6
Dodging        | 1 2 |  2.1
Shields        | 4 5 |  5.0
Stealth        | 1 |  1.6
Axes           | 3 |  3.8

Action                   |  1- 3 |  4- 6 |  7- 9 || total
-------------------------+-------+-------+-------++-------
Melee: War axe           |    74 |   129 |    17 ||   220
 Abil: Dig               |     1 |       |       ||     1
  Use: Scroll            |       |    10 |       ||    10
 Stab: Invisible         |       |     1 |       ||     1
  Eat: Bread ration      |     1 |       |       ||     1
       Meat ration       |       |     1 |       ||     1
Armor: Scale mail        |    18 |       |       ||    18
       Ring mail         |    16 |    35 |    25 ||    76
Dodge: Dodged            |    35 |    46 |    29 ||   110
Block: Shield            |    30 |    60 |    35 ||   125
